 Dungeon Crawl Stone Soup version 0.29-a0-284-gf9362112df (webtiles) character file.

Game seed: 10486935640489317461

1467 spaghetti the Skirmisher (level 8, -2/87 HPs)
             Began as an Ogre Transmuter on Mar 23, 2022.
             Was an Initiate of Yredelemnul.
             Slain by an orc
             ... wielding a +2 mace of protection
              (6 damage)
             ... on level 6 of the Dungeon.
             The game lasted 00:13:04 (6414 turns).

spaghetti the Skirmisher (Ogre Transmuter)          Turns: 6414, Time: 00:13:04

Health: -2/87      AC:  4    Str: 15    XL:     8   Next: 77%
Magic:  11/12      EV: 13    Int: 16    God:    Yredelemnul [......]
Gold:   277        SH:  0    Dex:  9    Spells: 7/11 levels left

rFire   . . .      SeeInvis .   B - +1 dagger (elec) {short}
rCold   . . .      Faith    +   (no shield)
rNeg    . . .      Spirit   .   a - +1 robe
rPois   .          Reflect  .   (helmet currently unavailable)
rElec   .          Harm     .   (no cloak)
rCorr   .          Rampage  .   (gloves unavailable)
Will    .....                   (boots unavailable)
Stlth   +.........              h - amulet of faith {!P}
HPRegen 0.24/turn               z - +4 ring of evasion
MPRegen 0.13/turn               f - +4 ring of slaying

@: about to teleport, appendages
A: horns 2, talons 2, large, unfitting armour, tough skin 1
a: End Transformation, Renounce Religion, Recall Undead Harvest


You were on level 6 of the Dungeon.
You worshipped Yredelemnul.
Yredelemnul was noncommittal.
You had temporarily grown beastly horns and talons.
You visited 1 branch of the dungeon, and saw 6 of its levels.

You collected 277 gold pieces.


Innate Abilities, Weirdness & Mutations

You have temporarily grown beastly horns and talons.
You are too large for most types of armour.
You have tough skin. (AC +1)


   Skills:
 + Level 7.0 Fighting
 * Level 4.2 Maces & Flails
 - Level 1.7 Dodging
 - Level 2.6 Unarmed Combat
 - Level 2.4 Spellcasting
 - Level 2.0 Hexes
 - Level 4.0 Transmutations
 - Level 2.0 Fire Magic
 + Level 5.8 Invocations


You had 7 spell levels left.
You knew the following spells:

 Your Spells              Type           Power      Damage    Failure   Level
a - Beastly Appendage     Tmut           28%        N/A       3%          1
b - Wereblood             Tmut           14%        N/A       6%          2
c - Animate Skeleton      Necr           2%         N/A       21%         1

Your spell library contained the following spells:

 Spells                   Type           Power      Damage    Failure   Level
 Foxfire                  Conj/Fire      20%        2x1d5     13%         1
 Apportation              Tloc           2%         N/A       21%         1
 Pain                     Necr           4%         1d4       21%         1
 Summon Small Mammal      Summ           4%         N/A       21%         1
 Inner Flame              Hex/Fire       8%         N/A       26%         3
 Spider Form              Tmut/Pois      8%         N/A       26%         3
 Sublimation of Blood     Necr           1%         N/A       30%         2
 Conjure Flame            Conj/Fire      5%         6-21      36%         3
 Vampiric Draining        Necr           1%         2d6       52%         3
 Ice Form                 Ice/Tmut       8%         N/A       65%         4
 Petrify                  Tmut/Erth      8%         N/A       65%         4
 Flame Wave               Conj/Fire      5%         2d5       78%         4
 Irradiate                Conj/Tmut      4%         3d15      94%         5

Inventory:

Hand Weapons
 q - a +2 short sword of venom {short}
   (You took it off a kobold on level 3 of the Dungeon)
 u - a +0 vampiric giant spiked club {mace}
   (You found it on level 3 of the Dungeon)
 B - a +1 dagger of electrocution (weapon) {short}
   (You took it off a goblin on level 2 of the Dungeon)
Missiles
 d - 145 stones {throwing}
Armour
 a - a +1 robe (worn)
Magical Staves
 b - a staff of fire {!astaff}
   (You found it on level 4 of the Dungeon)
Jewellery
 f - a +4 ring of slaying (right hand)
   (You found it on level 2 of the Dungeon)
 h - an amulet of faith (around neck) {!P}
   (You found it on level 6 of the Dungeon)
 j - a ring of resist corrosion
   (You found it on level 1 of the Dungeon)
 v - a ring of see invisible
   (You found it on level 2 of the Dungeon)
 z - a +4 ring of evasion (left hand)
   (You found it on level 2 of the Dungeon)
Wands
 g - a wand of paralysis (8)
   (You found it on level 6 of the Dungeon)
 t - a wand of iceblast (6)
   (You found it on level 3 of the Dungeon)
 x - a wand of polymorph (11)
   (You found it on level 5 of the Dungeon)
Scrolls
 e - 2 scrolls of teleportation {@r4}
 k - 4 scrolls of enchant armour
 l - a scroll of amnesia
 w - a scroll of immolation {!r!r}
 A - a scroll of magic mapping {!r}
Potions
 c - a potion of flight
 r - a potion of magic {unknown}
 s - a potion of degeneration {unknown}

Dungeon Overview and Level Annotations

Branches:
Dungeon (6/15)             Temple (0/1) D:5

Altars:
Yredelemnul

#.#####.# #.#
#.# #.# #.#
#.# #.# #.#
#.# #.# #.#
#.#
#.###'#####
#.#
#.##......#
#.#
#.##......###
#.#
#.##......'..
#.#
#.##.@....#
#.#
#..Zo{o......
#.#
####.........
#.#
#.......:.
#.#
#.........
#.#
#.........
#^#
#.........
#.#
#.........
#.# #######


You could see 2 orcs and a friendly spectral jelly.


Message History

There is a stone staircase leading up here.
Found a stone staircase leading down.
d - 145 stones {throwing} (gained 10)
A jelly comes into view.
The jelly quivers.
A jelly is nearby!
Casting: Beastly Appendage (safe; 3% risk of failure)
Press: ? - help, Q - select action, (/) - cycle Dir - look around, f - activate You miscast Beastly Appendage.
You are very lightly contaminated with residual magic.
Nothing appears to happen. 😎 MP[-1]
You lost 1 mp, and now have 11/12 mp.
Casting: Beastly Appendage (safe; 3% risk of failure)
Press: ? - help, Q - select action, (/) - cycle Dir - look around, f - activate You grow a pair of large bovine horns.
Your feet morph into talons. 😎 MP[-1]
You lost 1 mp, and now have 10/12 mp.
The jelly misses you.
You hit the jelly.
Your hands burn!
You claw the jelly. You headbutt the jelly. The jelly hits you.
You are splashed with acid! 😕 HP[-14]
You take 14 damage, and now have 73/87 hp.
Unknown command.
You puncture the jelly!
You kill the jelly!
A black mist starts to gather... 😕 HP[+1]
Your magical contamination has completely faded away.
Your transformation is almost over.
Your horns disappear.
Your talons disappear.
Key pressed, stopping explore.
Unknown command. 😎 HP[+13] MP[+2]
Your hp is fully restored (87).
Your mp is fully restored (12).
Unknown command.
Unknown command.
There is a stone staircase leading down here. 2 orcs come into view.
An orc is wielding a +2 mace of protection and carrying a wand of mindburst (4).
The orc shouts!
An orc wizard comes into view. It is wielding a +0 dagger.
The orc shouts!
The orc zaps a wand.
Your mind is blasted!
The orc wizard mumbles some strange words.
The orc wizard flickers and vanishes!
Deactivating autopickup; reactivate with Ctrl-A. 😕 HP[-21]
You take 21 damage, and now have 66/87 hp.
MASSIVE DAMAGE!! (PAUSE) Unknown command.
Unknown command.
There is an open door here. 😕 HP[+1]
Casting: Beastly Appendage (safe; 3% risk of failure)
Press: ? - help, Q - select action, (/) - cycle Dir - look around, f - activate You grow a pair of large bovine horns.
Your feet morph into talons.
The orc zaps a wand.
Your mind is blasted!
The orc hits you but does no damage.
Your spectral jelly hits the orc but does no damage. 😮 HP[-17] MP[-1]
You take 17 damage, and now have 50/87 hp.
You lost 1 mp, and now have 11/12 mp.
Unknown command.
The orc hits you with a +2 mace of protection.
The orc hits you with a +0 club.
* * * LOW HITPOINT WARNING * * *
A magic dart appears from out of thin air!
The magic dart hits you!
* * * LOW HITPOINT WARNING * * *
Your spectral jelly closely misses the orc. 😨 HP[-16]
You take 16 damage, and now have 34/87 hp.
You closely miss the orc. You claw the orc.
The orc zaps a wand.
Your mind is blasted!
* * * LOW HITPOINT WARNING * * *
The orc hits you with a +0 club.
* * * LOW HITPOINT WARNING * * *
Your spectral jelly hits the orc but does no damage. 😱 HP[-22]
You take 22 damage, and now have 12/87 hp.
MASSIVE DAMAGE!! (PAUSE)
Okay, then.
As you read the scroll of teleportation {@r4}, it crumbles to dust.
You feel strangely unstable.
The orc hits you with a +2 mace of protection.
* * * LOW HITPOINT WARNING * * *
The orc hits you but does no damage. Something hits you.
* * * LOW HITPOINT WARNING * * *
Your spectral jelly barely misses the orc. 😱 HP[-8]
You take 8 damage, and now have 4/87 hp.
Unknown command.
The orc attacks as you move away! The orc hits you but does no damage.
The orc attacks as you move away!
The orc hits you with a +2 mace of protection.
You die...
Your body rises from the dead as a mindless zombie.

Skill      XL: |  1  2  3  4  5  6  7  8 |
---------------+-------------------------+-----
Transmutations | 2 3 4 |  4.0
Maces & Flails | 1 4 |  4.2
Invocations    | 1 2 4 5 |  5.8
Fighting       | 2 3 5 7 |  7.0
Hexes          | 1 2 |  2.0
Fire Magic     | 1 2 |  2.0
Dodging        | |  1.7
Unarmed Combat | |  2.6
Spellcasting   | |  2.4

Action                   |  1- 3 |  4- 6 |  7- 9 || total
-------------------------+-------+-------+-------++-------
Melee: Unarmed           |   111 |     4 |       ||   115
       Kick              |    17 |     6 |    21 ||    44
       Headbutt          |     8 |       |    12 ||    20
       Punch             |     3 |     2 |     3 ||     8
       Short sword       |       |    61 |    94 ||   155
       Dagger            |       |    23 |    11 ||    34
 Cast: Beastly Appendage |    18 |     5 |    10 ||    33
       Wereblood         |     1 |     4 |     5 ||    10
  Use: Scroll            |     1 |       |    11 ||    12
       Potion            |       |     3 |     5 ||     8
 Stab: Sleeping          |       |     2 |       ||     2
Armor: Robe              |    38 |     6 |    29 ||    73
       Skin              |       |    41 |       ||    41
Dodge: Dodged            |    54 |    33 |   105 ||   192

Levels and vault maps discovered:
D:1:      nagdon_arrival_double_spiral, layout_basic
D:2:      layout_basic, hellmonk_ecumenical_altar_zigzags,
          minmay_misc_feat_tiny, kennysheep_generic_room_4
D:3:      layout_basic, grunt_ministairs_3
D:4:      black_bear_nest_1, layout_basic
D:5:      layout_rooms, minmay_temple_entry_ruins, minmay_misc_feat_square,
          uniq_edmund
D:6:      layout_basic

Notes
Turn   | Place    | Note
-------+----------+-------------------------------------------
     0 | D:1      | spaghetti the Ogre Transmuter began the quest for the Orb.
     0 | D:1      | Reached XP level 1. HP: 19/19 MP: 3/3
     0 | D:1      | magus.rc [v1.9.6]
    89 | D:1      | Reached skill level 2 in Transmutations
   215 | D:1      | Reached XP level 2. HP: 14/27 MP: 3/5
   742 | D:1      | Reached skill level 1 in Maces & Flails
  1190 | D:1      | Reached XP level 3. HP: 26/33 MP: 4/6
  1719 | D:2      | You pick up a book of Necromancy and begin reading...
  1719 | D:2      | You add the spells Pain, Animate Skeleton and Vampiric
                  | Draining to your library.
  1749 | D:2      | Learned a level 2 spell: Wereblood
  1751 | D:2      | You pick up a book of Flames and begin reading...
  1751 | D:2      | You add the spells Foxfire, Conjure Flame, Inner Flame and
                  | Flame Wave to your library.
  1822 | D:2      | Learned a level 1 spell: Animate Skeleton
  1985 | D:2      | Found a faded altar of an unknown god.
  2017 | D:2      | Prayed at the altar of an unknown god.
  2017 | D:2      | Became a worshipper of Yredelemnul the Dark
  2017 | D:2      | Reached * piety under Yredelemnul
  2242 | D:2      | Reached skill level 3 in Transmutations
  2242 | D:2      | Reached XP level 4. HP: 41/41 MP: 7/7
  2806 | D:3      | HP: 9/41 [worm (8)]
  2810 | D:3      | HP: 2/41 [frozen (5)]
  4038 | D:4      | Reached skill level 1 in Invocations
  4047 | D:4      | Reached skill level 2 in Fighting
  4047 | D:4      | Reached skill level 1 in Hexes
  4047 | D:4      | Reached skill level 1 in Fire Magic
  4047 | D:4      | Reached XP level 5. HP: 49/49 MP: 8/8
  4057 | D:4      | Reached skill level 2 in Invocations
  4057 | D:4      | Reached XP level 6. HP: 59/59 MP: 9/9
  4062 | D:4      | Reached skill level 3 in Fighting
  4219 | D:4      | Noticed an ice beast
  4225 | D:4      | Killed an ice beast
  4226 | D:4      | Reached skill level 2 in Hexes
  4226 | D:4      | Reached skill level 2 in Fire Magic
  4227 | D:4      | You pick up a book of Alchemy and begin reading...
  4227 | D:4      | You add the spells Sublimation of Blood, Petrify and
                  | Irradiate to your library.
  4247 | D:4      | Reached ** piety under Yredelemnul
  4481 | D:4      | Reached skill level 4 in Transmutations
  4481 | D:4      | Reached XP level 7. HP: 67/67 MP: 6/10
  4484 | D:4      | Reached skill level 3 in Invocations
  4618 | D:4      | Reached skill level 4 in Fighting
  4636 | D:4      | Reached *** piety under Yredelemnul
  4873 | D:5      | Entered Level 5 of the Dungeon
  4879 | D:5      | Reached skill level 4 in Invocations
  4895 | D:5      | Reached skill level 5 in Fighting
  4913 | D:5      | Noticed Edmund
  4991 | D:4      | Reached XP level 8. HP: 57/83 MP: 8/11
  5129 | D:5      | Found a staircase to the Ecumenical Temple.
  5153 | D:5      | Killed Edmund
  5154 | D:5      | Reached skill level 6 in Fighting
  5154 | D:5      | Reached skill level 2 in Maces & Flails
  5154 | D:5      | Reached skill level 5 in Invocations
  5179 | D:5      | Reached skill level 3 in Maces & Flails
  5778 | D:6      | Reached skill level 4 in Maces & Flails
  6020 | D:6      | Reached skill level 7 in Fighting
  6177 | D:6      | You pick up a book of Cantrips and begin reading...
  6177 | D:6      | You add the spells Summon Small Mammal and Apportation to
                  | your library.
  6412 | D:6      | HP: 16/87 [disintegration (18)]
  6413 | D:6      | HP: 7/87 [orc/+2 mace of protection (5)]
  6414 | D:6      | Slain by an orc

Vanquished Creatures
  Edmund (D:5)
  A water moccasin (D:4)
  An ogre (D:5)
  A black bear (D:4)
  A phantom (D:5)
  3 scorpions
  2 wights (D:6)
  5 killer bees (D:4)
  A hound (D:6)
  2 orc priests (D:5)
  A jelly (D:6)
  An iguana (D:6)
  3 orc wizards
  8 adders
  An ufetubus (D:5)
  4 worms
  2 dart slugs (D:3)
  3 orcs
  6 ball pythons
  2 bats
  5 endoplasms
  A giant cockroach (D:1)
  8 goblins
  7 hobgoblins
  7 jackals
  6 kobolds
  5 quokkas
  2 frilled lizards
  2 rats
92 creatures vanquished.

Vanquished Creatures (collateral kills)
  An ice beast (D:4)
  3 adders
  A worm (D:2)
  A goblin (D:2)
  A hobgoblin (D:4)
  2 ball pythons
9 creatures vanquished.

Vanquished Creatures (others)
  A killer bee zombie (D:4)
  An adder zombie (D:5)
2 creatures vanquished.

Grand Total: 103 creatures vanquished

Table legend:
 A = Non-vault XP
 B = Vault XP
 C = Vault XP percentage of total XP
 D = Non-vault monster count
 E = Vault monster count
 F = Vault count percentage of total count
                 A         B        C        D         E       F
            +---------+---------+-------+---------+---------+-------
      Total |    1800 |     297 |  14.2 |      97 |       4 |   4.0
            +---------+---------+-------+---------+---------+-------
        D:1 |      37 |       0 |   0.0 |      20 |       0 |   0.0
        D:2 |      51 |       4 |   7.3 |      17 |       2 |  10.5
        D:3 |      36 |       0 |   0.0 |      14 |       0 |   0.0
        D:4 |     816 |     124 |  13.2 |      25 |       1 |   3.8
        D:5 |     592 |     169 |  22.2 |      16 |       1 |   5.9
        D:6 |     268 |       0 |   0.0 |       5 |       0 |   0.0
            +---------+---------+-------+---------+---------+-------

Illustrated notes

Table legend:
 A = Kills in this place as a percentage of kills in entire the game.
 B = Kills by you in this place as a percentage of kills by you in the entire game.
 C = Kills by friends in this place as a percentage of kills by friends in the entire game.
 D = Other kills in this place as a percentage of other kills in the entire game.
 E = Experience gained in this place as a percentage of experience gained in the entire game.
 F = Experience gained in this place divided by the number of levels of this place that you have seen.
                   A       B       C       D       E      F
               +-------+-------+-------+-------+-------+----------------------
         Total | 100.0 | 100.0 | 100.0 |   N/A | 100.0 | 349.5
       Dungeon | 100.0 | 100.0 | 100.0 |   N/A | 100.0 | 349.5
               +-------+-------+-------+-------+-------+----------------------

Table legend: (Time is in decaauts)
 A = Elapsed time spent in this place.
 B = Non-inter-level travel time spent in this place.
 C = Inter-level travel time spent in this place.
 D = Time resting spent in this place.
 E = Time spent auto-exploring this place.
 F = Levels seen in this place.
 G = Mean time per level.
                   A        B        C        D        E       F      G
               +--------+--------+--------+--------+--------+-----+--------+
         Total |   6399 |   6166 |    233 |    714 |   4582 |   6 | 1066.5 |
       Dungeon |   6399 |   6166 |    233 |    714 |   4582 |   6 | 1066.5 |
               +--------+--------+--------+--------+--------+-----+--------+

Top non-repeatable levels by time:
     D:1: 1387 daAuts
     D:3: 1309 daAuts
     D:2: 1294 daAuts
     D:4: 1025 daAuts
     D:6: 696 daAuts
     D:5: 685 daAuts
